[Event "M11"]
[Site "?"]
[Date "2022.07.24"]
[Round "1"]
[White "Knechtel, Roland"]
[Black "Hajek, Zdenek"]
[Result "1-0"]
[ECO "D36"]
[WhiteElo "2210"]
[BlackElo "1958"]
[Annotator ",martin-koller@seznam"]
[PlyCount "79"]
[TimeControl "240+2"]

{600MB, Fritz10.ctg} 1. d4 Nf6 2. c4 e6 3.
Nc3 d5 4. Bg5 Be7 5. e3 O-O 6. Nf3 Nbd7 7. cxd5 exd5 8. Qc2 c6 9. Bd3 Re8 10.
O-O Nf8 11. Rab1 Bg4 12. Ne5 Bh5 13. b4 Bg6 14. Nxg6 hxg6 15. b5 c5 16. dxc5
Bxc5 17. Ne2 Rc8 18. Qb2 Ne6 19. Bh4 g5 20. Bg3 d4 21. Rbd1 Qb6 22. e4 Nf4 23.
Bxf4 gxf4 24. f3 g5 25. h4 Nh5 26. hxg5 Qg6 27. Kf2 Ng3 28. Nxg3 fxg3+ 29. Ke1
Qxg5 30. f4 Qe7 31. Rb1 Red8 32. Rh1 Ba3 33. Qe2 Qe6 34. Qh5 Kf8 35. Qg5 Ke8
36. e5 Rc3 37. Rh8+ Bf8 38. Rxf8+ Kxf8 39. Qxd8+ Kg7 40. Qxd4 1-0

[Event "M11"]
[Site "?"]
[Date "2022.07.24"]
[Round "1"]
[White "Petras, Milan"]
[Black "Hentgen, Thomas"]
[Result "1/2-1/2"]
[ECO "C04"]
[WhiteElo "1868"]
[BlackElo "2022"]
[Annotator ",martin-koller@seznam"]
[PlyCount "70"]
[TimeControl "240+2"]

{600MB, Fritz10.ctg} 1. e4 e6 2. d4 d5 3. Nd2 Nc6 4. Ngf3 Nf6 5. e5 Nd7 6. Bb5
a6 7. Bxc6 bxc6 8. O-O c5 9. dxc5 Nxc5 10. Re1 Be7 11. Nd4 Bd7 12. Qg4 g6 13.
N2b3 Nxb3 14. axb3 c5 15. Nf3 h5 16. Qf4 h4 17. Ng5 Bxg5 18. Qxg5 Rh5 19. Qxd8+
Kxd8 20. Ra5 Bb5 21. Bd2 Rc8 22. f4 c4 23. b4 d4 24. Ra3 Ke7 25. Rh3 d3 26. c3
Ra8 27. Ra1 Kd7 28. Be1 Rah8 29. Bd2 Kc6 30. Re3 Kd5 31. Rae1 Kc6 32. Re4 Ra8
33. Ra1 Kd5 34. Rd4+ Kc6 35. Be3 Rhh8 1/2-1/2

[Event "M11"]
[Site "?"]
[Date "2022.07.24"]
[Round "1"]
[White "Kalinsky, Vladimir"]
[Black "Matthai, Jakob"]
[Result "1-0"]
[ECO "C98"]
[WhiteElo "2137"]
[BlackElo "1997"]
[Annotator ",martin-koller@seznam"]
[PlyCount "93"]
[TimeControl "240+2"]

{600MB, Fritz10.ctg} 1. e4 e5 2. Nf3 Nc6 3. Bb5 a6 4. Ba4 Nf6 5. O-O Be7 6. Re1
b5 7. Bb3 d6 8. c3 O-O 9. h3 Na5 10. Bc2 c5 11. d4 Qc7 12. Nbd2 cxd4 13. cxd4
Nc6 14. Nf1 exd4 15. Bb3 Qb6 16. Ng3 h6 17. Bd5 Nxd5 18. exd5 Ne5 19. Nxd4 Bf6
20. Nh5 Qd8 21. f4 Nc4 22. b3 Bxd4+ 23. Qxd4 Qb6 24. Bb2 Qxd4+ 25. Bxd4 Na3 26.
Bxg7 Nc2 27. Bxh6 Bf5 28. Nf6+ Kh8 29. Bxf8 Rxf8 30. g4 Bd3 31. Rad1 Nxe1 32.
Rxe1 Kg7 33. Ne8+ Kg6 34. Kf2 Rh8 35. Kg3 b4 36. h4 Bb5 37. h5+ Kh7 38. Nxd6
Rd8 39. Nxb5 Rxd5 40. Nc7 Rd3+ 41. Kh4 a5 42. Re5 Rd7 43. Nd5 Rd6 44. g5 Rc6
45. Nf6+ Kg7 46. Re8 Rc1 47. Rg8# 1-0

[Event "M11"]
[Site "?"]
[Date "2022.07.24"]
[Round "1"]
[White "Soural, Jan"]
[Black "Wunsch, Ulrich"]
[Result "1-0"]
[ECO "E00"]
[WhiteElo "2119"]
[BlackElo "1969"]
[Annotator ",martin-koller@seznam"]
[PlyCount "120"]
[TimeControl "240+2"]

{600MB, Fritz10.ctg} 1. d4 Nf6 2. c4 e6 3. g3 Bb4+ 4. Bd2 c5 5. Bxb4 cxb4 6.
Bg2 d5 7. Nd2 O-O 8. Ngf3 Nc6 9. Qc2 dxc4 10. Qxc4 Bd7 11. O-O Rc8 12. Qd3 Qe7
13. Nc4 Rfd8 14. Rac1 Be8 15. Rfd1 e5 16. Ncxe5 Nxd4 17. Nxd4 Rxc1 18. Rxc1
Qxe5 19. e3 Qa5 20. Qb3 h5 21. Bxb7 h4 22. Qc4 hxg3 23. hxg3 Ng4 24. Nf3 Qb6
25. Qa6 Rd6 26. Qxb6 Rxb6 27. Rc8 Kf8 28. Bd5 a5 29. Nd4 Nf6 30. Bc6 Ke7 31.
Bxe8 Nxe8 32. Ra8 Nd6 33. Rxa5 g6 34. Kf1 Nc4 35. Ra7+ Kf6 36. b3 Nd2+ 37. Ke2
Ne4 38. Rc7 Nc3+ 39. Kd3 Nd1 40. Ke2 Nc3+ 41. Kd3 Nd1 42. f3 Kg7 43. Kd2 Nc3
44. a4 Nd5 45. Rc5 Nc3 46. Rc4 Nb1+ 47. Kd3 Rb7 48. g4 Rb6 49. Nc2 Rd6+ 50. Nd4
Rb6 51. Rc5 Na3 52. e4 Rb7 53. Rc1 Kf6 54. Rc6+ Kg5 55. Ke3 Nb1 56. Rc5+ Kh4
57. Nc2 Nc3 58. Rc4 Na2 59. Nd4 Nc3 60. Nc6 Na2 1-0

[Event "K11"]
[Site "?"]
[Date "2022.07.24"]
[Round "1"]
[White "Hosova, Sandra"]
[Black "Fitzke, Ulrich"]
[Result "0-1"]
[ECO "D02"]
[WhiteElo "1779"]
[BlackElo "1740"]
[Annotator ",martin-koller@seznam"]
[PlyCount "60"]
[TimeControl "240+2"]

{600MB, Fritz10.ctg} 1. d4 d5 2. Nf3 Nd7 3. Bf4 e6 4. e3 Be7 5. Bd3 Ngf6 6.
Nbd2 b6 7. Ne5 Bb7 8. Qf3 c5 9. c3 O-O 10. g4 Nxe5 11. dxe5 Nd7 12. g5 Qc7 13.
Qg3 c4 14. Bc2 d4 15. Be4 dxc3 16. bxc3 Nc5 17. Bxb7 Qxb7 18. O-O b5 19. h4
Rfd8 20. e4 Rd3 21. Qg2 Rad8 22. f3 Rxc3 23. h5 Nd3 24. Bh2 Rc2 25. g6 c3 26.
gxf7+ Kxf7 27. f4 Rxd2 28. Qf3 Bc5+ 29. Kh1 Nf2+ 30. Rxf2 Rxf2 0-1

[Event "K11"]
[Site "?"]
[Date "2022.07.24"]
[Round "1"]
[White "Spindler, Markus"]
[Black "Zacek, Petr"]
[Result "1/2-1/2"]
[ECO "C02"]
[WhiteElo "1903"]
[BlackElo "1867"]
[Annotator ",martin-koller@seznam"]
[PlyCount "75"]
[TimeControl "240+2"]

{600MB, Fritz10.ctg} 1. e4 e6 2. d4 d5 3. e5 c5 4. c3 Nc6 5.
Nf3 Qb6 6. Be2 Bd7 7. O-O cxd4 8. cxd4 Nge7 9. Nc3 Nf5 10. Be3 Nxe3 11. fxe3 g6
12. Qd2 Bh6 13. g4 a6 14. Rac1 O-O 15. g5 Bg7 16. Na4 Qa5 17. Nc5 Qxd2 18. Nxd2
Bc8 19. Rf2 Ne7 20. Rf3 Nf5 21. Bd3 Rd8 22. Nf1 Bf8 23. Na4 b5 24. Nc5 Bxc5 25.
Rxc5 Bd7 26. Nd2 Rdc8 27. Nb3 Ne7 28. Rf1 Nc6 29. Rfc1 Nb4 30. Bb1 Rxc5 31.
Nxc5 Be8 32. Nb7 Nc6 33. Kf2 Ra7 34. Nd6 Bd7 35. a3 Na5 36. Ke2 Nc4 37. b3 Nxd6
38. exd6 1/2-1/2

[Event "K11"]
[Site "?"]
[Date "2022.07.24"]
[Round "1"]
[White "Hozda, Max"]
[Black "Geike, Eberhard"]
[Result "1-0"]
[ECO "E12"]
[WhiteElo "1832"]
[BlackElo "1801"]
[Annotator ",martin-koller@seznam"]
[PlyCount "51"]
[TimeControl "240+2"]

{600MB, Fritz10.ctg} 1. d4 e6 2. c4 Nf6 3. Nc3 b6 4. Bg5 Be7 5. e3 Bb7 6. Nf3
d6 7. Bd3 Nbd7 8. O-O O-O 9. Nd2 h6 10. Bh4 c5 11. dxc5 dxc5 12. Bg3 Rc8 13.
Qe2 Ne8 14. Bc2 f5 15. Ba4 Rf7 16. Rad1 Bc6 17. Bxc6 Rxc6 18. Nf3 Qc8 19. Nb5
Qb7 20. Rxd7 Qxd7 21. Ne5 Qb7 22. Qf3 Bf6 23. Qxc6 Qxc6 24. Nxc6 a6 25. Nc3 Rd7
26. Rd1 1-0

[Event "K11"]
[Site "?"]
[Date "2022.07.24"]
[Round "1"]
[White "Hurtak, Otto"]
[Black "Plesnivy, Martin"]
[Result "1-0"]
[ECO "A36"]
[WhiteElo "1957"]
[BlackElo "1644"]
[Annotator ",martin-koller@seznam"]
[PlyCount "41"]
[TimeControl "240+2"]

{600MB, Fritz10.ctg} 1. c4 c5 2. Nc3 Nc6 3. g3 g6 4. Bg2 Bg7 5. d3 Nf6 6. e4
O-O 7. Nge2 b6 8. O-O d6 9. e5 Bd7 10. exf6 Bxf6 11. Bh6 Re8 12. Qd2 Rc8 13.
Bg5 Bg7 14. Rad1 Nd4 15. Be3 Bg4 16. f3 Bd7 17. Bxd4 cxd4 18. Nb5 Bxb5 19. cxb5
Rc5 20. f4 Rxb5 21. Bc6 1-0

[Event "K11"]
[Site "?"]
[Date "2022.07.24"]
[Round "1"]
[White "Schimmer, Michael"]
[Black "Cisarik, Pavol"]
[Result "1-0"]
[ECO "C80"]
[WhiteElo "1862"]
[BlackElo "1652"]
[Annotator ",martin-koller@seznam"]
[PlyCount "35"]
[TimeControl "240+2"]

{600MB, Fritz10.ctg} 1. e4 e5 2. Nf3 Nc6 3. Bb5 a6 4. Ba4 Nf6 5. O-O Nxe4 6.
Re1 d5 7. d4 exd4 8. Nxd4 Bd6 9. Nxc6 Bxh2+ 10. Kxh2 Qh4+ 11. Kg1 O-O 12. Be3
Bg4 13. Qxd5 Be6 14. Ne7+ Kh8 15. Qe5 Nxf2 16. Bxf2 Qxa4 17. Nc3 Qd7 18. Bd4
1-0

[Event "M11"]
[Site "?"]
[Date "2022.07.24"]
[Round "2"]
[White "Hentzen, Thomas"]
[Black "Kalinsky, Vladimir"]
[Result "0-1"]
[ECO "D05"]
[WhiteElo "2022"]
[BlackElo "2137"]
[Annotator ",martin-koller@seznam"]
[PlyCount "74"]
[TimeControl "240+2"]

{600MB, Fritz10.ctg} 1. Nf3 d5 2. b3 Nf6 3. Bb2 e6 4. e3 Bd6 5. d4 Nbd7 6. Nbd2
O-O 7. Bd3 c5 8. Ne5 Qa5 9. O-O a6 10. a4 Qc7 11. f4 Rb8 12. a5 cxd4 13. exd4
Bb4 14. f5 exf5 15. Bxf5 Re8 16. Ndf3 h6 17. Qd3 Nf8 18. Nh4 Be6 19. Bxe6 Rxe6
20. Nf5 Rc8 21. Qg3 Ng6 22. c3 Ne4 23. Qg4 Nf6 24. Qg3 Bd6 25. Nxd6 Qxd6 26. c4
Ne4 27. Qd3 Rc7 28. Rae1 Rf6 29. Nxg6 Rxg6 30. Bc1 Re7 31. Bf4 Qd7 32. Qf3 Rge6
33. Qd1 Nc3 34. Qd2 Ne2+ 35. Rxe2 Rxe2 36. Qd1 Qg4 37. g3 Qh3 0-1

[Event "M11"]
[Site "?"]
[Date "2022.07.24"]
[Round "2"]
[White "Thomasson, Staffan"]
[Black "Soural, Jan"]
[Result "0-1"]
[ECO "D73"]
[WhiteElo "1749"]
[BlackElo "2129"]
[Annotator ",martin-koller@seznam"]
[PlyCount "50"]
[TimeControl "240+2"]

{600MB, Fritz10.ctg} 1. c4 g6 2. d4 Nf6 3. Nf3 Bg7 4. g3 c6 5. Bg2 d5 6. b3
dxc4 7. bxc4 c5 8. O-O O-O 9. e3 Nc6 10. Nc3 Na5 11. Qd3 cxd4 12. exd4 Be6 13.
Nd2 Rc8 14. d5 Bf5 15. Qe2 Nd7 16. Bb2 Nc5 17. Nde4 Nxc4 18. Nxc5 Nxb2 19. Nxb7
Qd7 20. Qxb2 Bxc3 21. Qb3 Bxa1 22. Rxa1 Rb8 23. d6 exd6 24. Rd1 Be6 25. Qb2 d5
0-1

[Event "M11"]
[Site "?"]
[Date "2022.07.24"]
[Round "2"]
[White "Hartwig, Maik"]
[Black "Hajek, Zdenek"]
[Result "1/2-1/2"]
[ECO "D02"]
[WhiteElo "2051"]
[BlackElo "1958"]
[Annotator ",martin-koller@seznam"]
[PlyCount "70"]
[TimeControl "240+2"]

{600MB, Fritz10.ctg} 1. d4 Nf6 2. Nf3 d5 3. Bf4 e6 4. e3 Be7 5. Bd3 O-O 6. Ne5
Nbd7 7. Nd2 c5 8. c3 Nxe5 9. dxe5 Nd7 10. Qg4 Re8 11. h4 f5 12. Qh3 Qb6 13. Rb1
d4 14. g4 dxe3 15. fxe3 Qc6 16. Rg1 Nxe5 17. Bxe5 Qd5 18. Bxg7 Kxg7 19. gxf5+
Kh8 20. e4 Qd8 21. Kd1 exf5 22. Qg3 Bf6 23. exf5 Bd7 24. Kc2 Bc6 25. Rbe1 Qd7
26. Rxe8+ Rxe8 27. Re1 Rg8 28. Qf4 Rd8 29. Bc4 b5 30. Be6 Qd3+ 31. Kc1 Bxc3 32.
bxc3 Qxc3+ 33. Kb1 Qd3+ 34. Kc1 Qc3+ 35. Kb1 Qd3+ 1/2-1/2

[Event "K11"]
[Site "?"]
[Date "2022.07.24"]
[Round "2"]
[White "Plesnivy, Martin"]
[Black "Schimmer, Michael"]
[Result "1/2-1/2"]
[ECO "D41"]
[WhiteElo "1644"]
[BlackElo "1862"]
[Annotator ",martin-koller@seznam"]
[PlyCount "62"]
[TimeControl "240+2"]

{600MB, Fritz10.ctg} 1. d4 Nf6 2. Nf3 c5 3. e3 e6 4. c4 d5 5. Nc3 Nc6 6. cxd5
Nxd5 7. Bb5 Bd7 8. Nxd5 exd5 9. Bxc6 Bxc6 10. O-O Be7 11. b3 O-O 12. Bb2 b6 13.
Qd3 Bf6 14. Rac1 Qd7 15. Rfe1 Rac8 16. Qd2 cxd4 17. Nxd4 Bb7 18. Nf3 Bxb2 19.
Qxb2 Rfe8 20. Nd4 Rc5 21. b4 Rc4 22. Nf3 Qd6 23. a3 Bc8 24. Red1 Rxc1 25. Rxc1
Bg4 26. Nd4 Bd7 27. Qc3 a6 28. Qc7 Qxc7 29. Rxc7 Rc8 30. Rxc8+ Bxc8 31. Kf1 Kf8
1/2-1/2

[Event "K11"]
[Site "?"]
[Date "2022.07.24"]
[Round "2"]
[White "Geike, Eberhard"]
[Black "Hosova, Sandra"]
[Result "1/2-1/2"]
[ECO "B30"]
[WhiteElo "1801"]
[BlackElo "1779"]
[Annotator ",martin-koller@seznam"]
[PlyCount "45"]
[TimeControl "240+2"]

{600MB, Fritz10.ctg} 1. e4 c5 2. Nf3 Nc6 3. Nc3 g6 4. Bc4 Bg7 5. Ne2 Nf6 6. d3
O-O 7. c3 d6 8. O-O Bg4 9. Ng3 Ne5 10. Bb3 Qc8 11. Re1 h5 12. d4 Bxf3 13. gxf3
Nc6 14. Be3 h4 15. Ne2 cxd4 16. cxd4 Nh5 17. Kg2 Kh7 18. Rc1 f5 19. e5 f4 20.
Bd2 Qf5 21. Bc2 Qe6 22. Bb3 Qf5 23. Bc2 1/2-1/2

[Event "K11"]
[Site "?"]
[Date "2022.07.24"]
[Round "2"]
[White "Spindler, Markus"]
[Black "Hozda , Max"]
[Result "0-1"]
[ECO "B12"]
[WhiteElo "1903"]
[BlackElo "1832"]
[Annotator ",martin-koller@seznam"]
[PlyCount "64"]
[TimeControl "240+2"]

{600MB, Fritz10.ctg} 1. e4 c6 2. d4 d5 3. e5 c5 4. c3 Nc6 5. Be3 cxd4 6. cxd4
Bf5 7. Nc3 e6 8. a3 Nge7 9. Be2 Bg6 10. g4 f6 11. f4 fxe5 12. fxe5 Nc8 13. Nf3
Be7 14. O-O O-O 15. Rc1 Nb6 16. Bd3 Bxd3 17. Qxd3 Nc4 18. Rc2 Qb6 19. Na4 Qb5
20. Nc5 Bxc5 21. Ng5 Rxf1+ 22. Qxf1 Nxd4 23. Qf7+ Kh8 24. Bxd4 Bxd4+ 25. Kh1
Nxe5 26. Qf4 Qd3 27. Qc1 Nc6 28. Rd2 Qe3 29. h4 h6 30. Nf7+ Kg8 31. Qd1 Kxf7
32. Qf1+ Kg8 0-1

[Event "K11"]
[Site "?"]
[Date "2022.07.24"]
[Round "2"]
[White "Zacek, Petr"]
[Black "Cisarik, Pavol"]
[Result "1-0"]
[ECO "D51"]
[WhiteElo "1867"]
[BlackElo "1652"]
[Annotator ",martin-koller@seznam"]
[PlyCount "76"]
[TimeControl "240+2"]

{600MB, Fritz10.ctg} 1. d4 Nf6 2. Nf3 d5 3. c4 e6 4. Nc3 c6 5.
cxd5 exd5 6. Bg5 Nbd7 7. Qc2 Bb4 8. e3 O-O 9. Bd3 Qa5 10. O-O Re8 11. Nd2 Bxc3
12. bxc3 Ne4 13. Bf4 Ndf6 14. f3 Nxd2 15. Qxd2 b6 16. a4 Ba6 17. Bd6 Bxd3 18.
Qxd3 c5 19. Rfe1 c4 20. Qc2 Qa6 21. e4 dxe4 22. fxe4 Qb7 23. e5 Nd5 24. Qd2 Re6
25. Re2 Rg6 26. Rf1 Re8 27. Ref2 Ree6 28. Rxf7 Qxf7 29. Rxf7 Kxf7 30. Qf2+ Nf6
31. Qf3 Rxd6 32. exd6 Ke6 33. Qc6 Nd7 34. d5+ Ke5 35. Qxd7 Kxd5 36. Qxa7 Kxd6
37. Qxb6+ Kd5 38. Qb5+ Ke4 1-0

[Event "K11"]
[Site "?"]
[Date "2022.07.24"]
[Round "2"]
[White "Fitzke, Ulrich"]
[Black "Hurtak, Otto"]
[Result "1-0"]
[ECO "D32"]
[WhiteElo "1740"]
[BlackElo "1957"]
[Annotator ",martin-koller@seznam"]
[PlyCount "101"]
[TimeControl "240+2"]

{600MB, Fritz10.ctg} 1. d4 d5 2. c4 e6 3. Nc3 c5 4. e3 Nf6 5. Nf3 Nc6 6. cxd5
exd5 7. Be2 c4 8. O-O Bb4 9. Bd2 O-O 10. b3 Bxc3 11. Bxc3 Ne4 12. Qc2 b5 13.
bxc4 bxc4 14. Rfb1 Bf5 15. Rb2 h6 16. Qc1 Qd6 17. Nd2 Rfe8 18. Nxe4 Bxe4 19.
Qd1 Qa3 20. Qc1 Rab8 21. Rxb8 Qxc1+ 22. Rxc1 Rxb8 23. Kf1 Nb4 24. Bxb4 Rxb4 25.
f3 Rb1 26. Rxb1 Bxb1 27. a3 f5 28. Ke1 Kf7 29. Kd2 Ke6 30. Kc1 Ba2 31. Bd1 c3
32. Kc2 g5 33. Kxc3 f4 34. e4 Bc4 35. Bb3 Bf1 36. Bxd5+ Kd6 37. g3 fxg3 38.
hxg3 h5 39. Kd2 h4 40. gxh4 gxh4 41. Ke1 Bg2 42. Kf2 Bh3 43. Bc4 Bd7 44. Kg2
Ke7 45. e5 Bf5 46. d5 Kd7 47. Kh2 Ke7 48. Bf1 Kf7 49. Bh3 Bd3 50. Be6+ Ke7 51.
Kh3 1-0

[Event "M11"]
[Site "?"]
[Date "2022.07.24"]
[Round "2"]
[White "Wunsch, Ulrich"]
[Black "Petras, Milan"]
[Result "1/2-1/2"]
[ECO "A43"]
[WhiteElo "1969"]
[BlackElo "1868"]
[Annotator ",martin-koller@seznam"]
[PlyCount "94"]
[TimeControl "240+2"]

{600MB, Fritz10.ctg} 1. d4 c5 2. d5 e6 3. e4 d6 4. Nc3 Nf6 5. Be2 exd5 6. exd5
g6 7. Bg5 Bg7 8. Qd2 h6 9. Bh4 O-O 10. Nf3 Na6 11. O-O Bf5 12. Rfe1 g5 13. Bg3
Nh5 14. Bxa6 bxa6 15. Re3 Nxg3 16. hxg3 Qd7 17. Rae1 Rfe8 18. R1e2 Rxe3 19.
Rxe3 Re8 20. Re2 Kf8 21. Nd1 Rxe2 22. Qxe2 Qa4 23. Ne3 Bd7 24. Qc4 Qxc4 25.
Nxc4 Ke7 26. c3 Bf5 27. Nfd2 Bd3 28. Na5 Kd7 29. g4 Be5 30. g3 Be2 31. Nc6 Bg7
32. f3 Bd3 33. Nxa7 f5 34. gxf5 Bxf5 35. Nc6 Bg6 36. g4 Bf7 37. c4 Bxb2 38. Kf2
h5 39. gxh5 Bxh5 40. Kg3 Bc1 41. Ne4 Bf4+ 42. Kg2 Bg6 43. Na5 Kc7 44. Nb3 Kb6
45. Kf2 Be8 46. Ke2 a5 47. Nf6 Bg6 1/2-1/2

[Event "M11"]
[Site "?"]
[Date "2022.07.24"]
[Round "2"]
[White "Mathai, Jakob"]
[Black "Hentzgen, Roland"]
[Result "0-1"]
[ECO "A30"]
[WhiteElo "1997"]
[BlackElo "2022"]
[Annotator ",martin-koller@seznam"]
[PlyCount "114"]
[TimeControl "240+2"]

{600MB, Fritz10.ctg} 1. c4 c5 2. g3 e6 3. Bg2 Nf6 4. Nf3 Qc7 5. Nc3 a6 6. O-O
b6 7. d3 d6 8. a3 Bb7 9. e4 Nbd7 10. Rb1 Be7 11. Be3 O-O 12. h3 Rfe8 13. Nd2
Rad8 14. f4 Bf8 15. Bf2 g6 16. g4 Bg7 17. Bg3 Kh8 18. Qc2 Nb8 19. f5 gxf5 20.
gxf5 Nc6 21. Nb3 Rg8 22. Ne2 Qd7 23. fxe6 fxe6 24. Rf2 Ne5 25. Rbf1 Rdf8 26.
Nd2 Ng6 27. b4 cxb4 28. axb4 d5 29. exd5 exd5 30. c5 bxc5 31. bxc5 Nh5 32. Bd6
Rxf2 33. Rxf2 Nh4 34. Nf3 Nxg2 35. Rxg2 d4 36. Ne5 Qe8 37. Qc4 h6 38. c6 Bc8
39. Qf7 Qxf7 40. Nxf7+ Kh7 41. Be5 Bxh3 42. Rxg7+ Nxg7 43. Kh2 Bf5 44. Nxd4
Bxd3 45. c7 a5 46. Nc6 Nf5 47. Nxa5 Ne7 48. Nb7 Bf1 49. Nbd6 Rg2+ 50. Kh1 Rc2
51. Ne8 Kg6 52. Nfd6 Bh3 53. Bf6 Nd5 54. Bd8 Bd7 55. Kg1 Kh5 56. Kf1 Kg4 57.
Ke1 h5 0-1

[Event "M11"]
[Site "?"]
[Date "2022.07.25"]
[Round "3"]
[White "Knechtel, Roland"]
[Black "Henztgen, Thomas"]
[Result "1/2-1/2"]
[ECO "A85"]
[WhiteElo "2210"]
[BlackElo "2022"]
[Annotator ",martin-koller@seznam"]
[PlyCount "116"]
[TimeControl "240+2"]

{600MB, Fritz10.ctg} 1. d4 e6 2. c4 d5 3. Nc3 f5 4. Nf3 Nf6 5. Bg5 c6 6. e3 Be7
7. Bxf6 Bxf6 8. Qc2 O-O 9. Bd3 Na6 10. a3 Bd7 11. O-O Nc7 12. Rfc1 Rc8 13. b4
Ne8 14. cxd5 cxd5 15. Qb3 Qe7 16. b5 Nd6 17. Nd2 Ne4 18. Bxe4 fxe4 19. a4 Qf7
20. f4 exf3 21. Nxf3 Bd8 22. Rf1 Bc7 23. Ne5 Qe7 24. Nxd5 exd5 25. Qxd5+ Be6
26. Qxb7 Bd6 27. Qxe7 Bxe7 28. Nc6 Bg5 29. Rxf8+ Rxf8 30. Re1 Bb3 31. Nxa7 Bxa4
32. g3 Rb8 33. h4 Bh6 34. g4 g5 35. h5 Rb7 36. Ra1 Bxb5 37. Nxb5 Rxb5 38. Ra8+
Kf7 39. Ra7+ Kg8 40. Kf2 Bg7 41. Kf3 h6 42. Ke4 Rb1 43. d5 Rb6 44. Rc7 Rf6 45.
Rc6 Kf7 46. Rc7+ Kg8 47. Kd3 Bf8 48. Kd4 Rf3 49. Rc4 Kf7 50. Kd3 Bd6 51. Re4
Bc5 52. Ke2 Rf6 53. Rc4 Bd6 54. Rc6 Ke7 55. Ra6 Be5 56. Ra7+ Kd6 57. Ra5 Bc3
58. Rb5 Ke5 1/2-1/2

[Event "M11"]
[Site "?"]
[Date "2022.07.25"]
[Round "3"]
[White "Petras, Milan"]
[Black "Thomasson, Staffan"]
[Result "1-0"]
[ECO "B06"]
[WhiteElo "1868"]
[BlackElo "1749"]
[Annotator ",martin-koller@seznam"]
[PlyCount "55"]
[TimeControl "240+2"]

{600MB, Fritz10.ctg} 1. e4 g6 2. d4 c6 3. c4 d5 4. Nc3 dxe4 5. Nxe4 Bg7 6. Be3
Nf6 7. Nxf6+ Bxf6 8. Nf3 O-O 9. Be2 Nd7 10. Qd2 e5 11. Rd1 exd4 12. Nxd4 Ne5
13. h3 Qe7 14. O-O Rd8 15. Qc1 c5 16. Nb5 Be6 17. b3 Nc6 18. Rfe1 a6 19. Nc3
Nd4 20. Bg4 Nf5 21. Bxf5 gxf5 22. Bh6 Rxd1 23. Rxd1 Bd4 24. Ne2 Rd8 25. Nxd4
cxd4 26. Rd3 f4 27. Qxf4 Qd7 28. Qg5+ 1-0

[Event "M11"]
[Site "?"]
[Date "2022.07.25"]
[Round "3"]
[White "Kalinsky, Vladimir"]
[Black "Wunsch, Ulrich"]
[Result "1-0"]
[ECO "A34"]
[WhiteElo "2137"]
[BlackElo "1969"]
[Annotator ",martin-koller@seznam"]
[PlyCount "85"]
[TimeControl "240+2"]

{600MB, Fritz10.ctg} 1. c4 c5 2. Nc3 b6 3. e3 Bb7 4. d4 cxd4 5. exd4 g6 6. Nf3
Bg7 7. Bf4 Nf6 8. Rc1 d6 9. Be2 Nbd7 10. O-O O-O 11. h3 Rc8 12. d5 a5 13. Re1
Re8 14. a3 Nc5 15. Bf1 Ra8 16. Nd4 Qd7 17. Ndb5 Na6 18. Rb1 h6 19. b4 axb4 20.
axb4 Qd8 21. Qd2 Kh7 22. Nd4 Qc8 23. Na4 Nd7 24. Nc6 Bxc6 25. dxc6 Ne5 26. b5
Qc7 27. Be3 Nc5 28. Nxc5 dxc5 29. f4 Red8 30. Qc2 Nxc6 31. bxc6 Qxc6 32. Be2
Ra3 33. Bf3 Qc7 34. Rb3 Ra6 35. Kh1 Rd6 36. f5 Rf6 37. Be4 g5 38. Bg1 Kg8 39.
Bh2 e5 40. fxe6 Qa7 41. exf7+ Kxf7 42. Bd5+ Kf8 43. Rbe3 1-0

[Event "M11"]
[Site "?"]
[Date "2022.07.25"]
[Round "3"]
[White "Hajek, Zdenek"]
[Black "Matthai, Jakob"]
[Result "1/2-1/2"]
[ECO "E05"]
[WhiteElo "1958"]
[BlackElo "1997"]
[Annotator ",martin-koller@seznam"]
[PlyCount "81"]
[TimeControl "240+2"]

{600MB, Fritz10.ctg} 1. d4 Nf6 2. Nf3 d5 3. c4 e6 4. g3 Be7 5. Bg2 O-O 6. O-O
dxc4 7. Ne5 Nc6 8. Nxc6 bxc6 9. Bxc6 Rb8 10. Nc3 Bb7 11. Bxb7 Rxb7 12. Qa4 Qxd4
13. Be3 Qe5 14. Qxc4 c5 15. b3 Rb4 16. Bf4 Qh5 17. Qd3 Ng4 18. h4 g5 19. Bc7
gxh4 20. gxh4 Bxh4 21. Kg2 Qg5 22. Bg3 Ne5 23. f4 Rxf4 24. Rxf4 Nxd3 25. Rxh4
Qd2 26. Rg4+ Kh8 27. Rd1 Qxc3 28. Rxd3 Qb2 29. Kf2 f5 30. Rg5 f4 31. Bh4 f3 32.
Rxf3 Qd4+ 33. Kg3 Qg1+ 34. Kh3 Qh1+ 35. Kg4 Rxf3 36. exf3 Qg2+ 37. Kf4 Qh2+ 38.
Bg3 e5+ 39. Kg4 Qg2 40. Kh4 Qh1+ 41. Kg4 1/2-1/2

[Event "M11"]
[Site "?"]
[Date "2022.07.25"]
[Round "3"]
[White "Soural, Jan"]
[Black "Hartwig, Maik"]
[Result "1-0"]
[ECO "A42"]
[WhiteElo "2119"]
[BlackElo "2051"]
[Annotator ",martin-koller@seznam"]
[PlyCount "119"]
[TimeControl "240+2"]

{600MB, Fritz10.ctg} 1. d4 g6 2. c4 Bg7 3. Nc3 d6 4. e4 Nc6 5. Be3 e5 6. d5
Nce7 7. g4 f5 8. gxf5 gxf5 9. Qh5+ Kf8 10. Bh3 Nf6 11. Qf3 f4 12. Bd2 a6 13.
Bxc8 Qxc8 14. Qh3 Qxh3 15. Nxh3 Bh6 16. Rg1 Kf7 17. f3 Rhg8 18. Rxg8 Rxg8 19.
Kf2 Nd7 20. Rg1 c5 21. Rxg8 Nxg8 22. Ke2 Kg6 23. a4 Bg5 24. Nf2 Bd8 25. Ncd1 a5
26. Nc3 Ngf6 27. Nb5 Ne8 28. Na7 Nb8 29. Nd3 Na6 30. Nc8 Bc7 31. Be1 Nb4 32.
Nxb4 axb4 33. Bh4 Kf7 34. Be7 b6 35. Kf2 Kg6 36. Kg2 Kh6 37. Kh3 Kg6 38. Kg4
Nf6+ 39. Bxf6 Kxf6 40. Kh5 b3 41. Kh6 Kf7 42. Kxh7 Kf6 43. h4 Kf7 44. Kh6 Kf6
45. Kh5 Kg7 46. Kg5 Bd8+ 47. Kg4 Bc7 48. Ne7 Kf6 49. Nf5 Bb8 50. h5 Bc7 51. Kh3
Kg5 52. h6 Kg6 53. Kg2 Bb8 54. Kf2 Bc7 55. Ke2 Kh7 56. Kd2 Kg6 57. Kc3 Kh7 58.
Kxb3 Kg6 59. a5 bxa5 60. Ka4 1-0

[Event "K11"]
[Site "?"]
[Date "2022.07.25"]
[Round "3"]
[White "Hozda, Max"]
[Black "Zacek, Petr"]
[Result "1/2-1/2"]
[ECO "D32"]
[WhiteElo "1832"]
[BlackElo "1867"]
[Annotator ",martin-koller@seznam"]
[PlyCount "34"]
[TimeControl "240+2"]

{600MB, Fritz10.ctg} 1. d4 d5 2. c4 e6 3. Nc3 c5 4. cxd5 exd5 5. Nf3 Nc6 6. e3
Nf6 7. Be2 Be7 8. O-O O-O 9. b3 Ne4 10. Bb2 Bf6 11. Rc1 cxd4 12. Nxd4 Nxd4 13.
exd4 Bf5 14. Bf3 Re8 15. Re1 Nxc3 16. Bxc3 Qd7 17. Bb2 b6 1/2-1/2

[Event "K11"]
[Site "?"]
[Date "2022.07.25"]
[Round "3"]
[White "Hurtak, Otto"]
[Black "Geike, Eberhard"]
[Result "1-0"]
[ECO "E14"]
[WhiteElo "1957"]
[BlackElo "1801"]
[Annotator ",martin-koller@seznam"]
[PlyCount "85"]
[TimeControl "240+2"]

{600MB, Fritz10.ctg} 1. c4 e6 2. Nc3 b6 3. d4 Nf6 4. Nf3 Bb7 5. e3 Be7 6. Bd3
O-O 7. O-O d5 8. cxd5 Nxd5 9. Nxd5 Bxd5 10. e4 Bb7 11. Be3 Nd7 12. Qe2 Rc8 13.
Ba6 Rb8 14. Bxb7 Rxb7 15. Rfd1 Rb8 16. Rac1 Qc8 17. Bf4 Rb7 18. Rc6 Nb8 19. Rc2
Rd8 20. g3 Rd7 21. d5 exd5 22. Rxd5 c5 23. Rcd2 Nc6 24. Qd1 Rxd5 25. exd5 Nd8
26. d6 Bf6 27. Be5 Rd7 28. Bxf6 gxf6 29. Nh4 Ne6 30. Nf5 Qf8 31. Qa4 Qd8 32. h4
h5 33. Qd1 Ng7 34. Ne7+ Kh7 35. Rd5 Kh6 36. Qd2+ Kh7 37. Qd3+ Kh6 38. Qe3+ Kh7
39. Qe4+ Kh6 40. Qf4+ Kh7 41. Qxf6 Qe8 42. Rg5 Qf8 43. Nf5 1-0

[Event "K11"]
[Site "?"]
[Date "2022.07.25"]
[Round "3"]
[White "Schimmer, Michael"]
[Black "Fitzke, Ulrich"]
[Result "1-0"]
[ECO "B80"]
[WhiteElo "1862"]
[BlackElo "1740"]
[Annotator ",martin-koller@seznam"]
[PlyCount "89"]
[TimeControl "240+2"]

{600MB, Fritz10.ctg} 1. e4 c5 2. Nf3 d6 3. d4 cxd4 4. Nxd4 Nc6 5. Nc3 e6 6. Be3
Nf6 7. f3 Be7 8. Qd2 O-O 9. O-O-O a6 10. g4 Nxd4 11. Bxd4 b5 12. g5 Nd7 13. h4
Bb7 14. Kb1 b4 15. Ne2 d5 16. e5 a5 17. Rg1 Bc5 18. f4 Bxd4 19. Nxd4 Ba6 20.
Bh3 Nc5 21. h5 g6 22. Qf2 Ne4 23. Qh4 Re8 24. hxg6 hxg6 25. Bg2 Nc5 26. Rh1 Kf8
27. Qh6+ Ke7 28. Nc6+ Kd7 29. Nxd8 Raxd8 30. Qg7 Rf8 31. Qf6 Be2 32. Rxd5+ exd5
33. Qd6+ Ke8 34. Qxc5 Bc4 35. b3 Be2 36. Bxd5 Kd7 37. Bc6+ Ke6 38. Re1 Bg4 39.
Be4 Rh8 40. Qc6+ Ke7 41. Qf6+ Ke8 42. Qxh8+ Ke7 43. Qf6+ Ke8 44. Bc6+ Bd7 45.
Rd1 1-0